 Dungeon Crawl Stone Soup version 0.27-a0-906-g0a00ce863d (webtiles) character file.

Game seed: 15977582364402636386

319 wakim the Insei (level 6, 0/38 HPs)
             Began as an Octopode Transmuter on Apr 6, 2021.
             Was an Initiate of Gozag.
             Slain by a wraith (7 damage)
             ... in an ossuary.
             The game lasted 00:16:07 (3659 turns).

wakim the Insei (Octopode Transmuter)               Turns: 3659, Time: 00:16:08

Health: 0/38       AC:  1    Str:  9    XL:     6   Next: 46%
Magic:  9/9        EV: 17    Int: 18    God:    Gozag
Gold:   203        SH:  4    Dex: 12    Spells: 5/9 levels left

rFire    . . .     SeeInvis .     - Unarmed
rCold    . . .     Faith    .   f - +0 buckler
rNeg     . . .     Spirit   .   (helmet restricted)
rPois    .         Reflect  .   g - amulet of regeneration
rElec    .         Harm     .   b - ring of willpower
rCorr    .         Rampage  .   j - +4 ring of evasion
Will     +....                  (no ring)
Stlth    +++.......             (no ring)
HPRegen  1.12/turn              (no ring)
MPRegen  0.11/turn              (no ring)
                                (no ring)
                                (no ring)

@: slowed, very slow
A: almost no armour, amphibious, 8 rings, camouflage 1, gelatinous body 1,
(nimble swimmer 1), tentacles
a: Renounce Religion, Potion Petition, Call Merchant, Bribe Branch


You were in an ossuary.
You worshipped Gozag.
Gozag was aware of your devotion.
You visited 2 branches of the dungeon, and saw 5 of its levels.
You also visited: Ossuary.

You collected 302 gold pieces.
You paid 99 gold pieces to Gozag.

Inventory:

Missiles
 a - a throwing net
 d - 5 boomerangs
 k - 5 atropa-tipped darts
Armour
 f - a +0 buckler (worn)
Jewellery
 b - a ring of willpower (left tentacle)
 g - an amulet of regeneration (around mantle)
 i - an amulet of reflection
 j - a +4 ring of evasion (right tentacle)
Scrolls
 l - a scroll of magic mapping {unknown}
 r - a scroll of identify
Potions
 c - a potion of attraction {unknown}
 e - 2 potions of berserk rage {unknown}
 h - a potion of flight {unknown}
 m - 2 potions of degeneration {unknown}
 n - a potion of brilliance {unknown}
 o - a potion of might {unknown}
 F - 2 potions of curing
 J - 2 potions of heal wounds


   Skills:
 - Level 1.0 Fighting
 - Level 2.3 Dodging
 + Level 3.8 Stealth
 * Level 3.0 Shields
 * Level 4.6 Unarmed Combat
 - Level 2.0 Spellcasting
 + Level 2.5 Transmutations
 - Level 2.0 Poison Magic


You had 5 spell levels left.
You knew the following spells:

 Your Spells              Type           Power      Damage    Failure   Level
a - Beastly Appendage     Tmut           20%        N/A       7%          1
x - Spider Form           Tmut/Pois      4%         N/A       24%         3

Your spell library contained the following spells:

 Spells                   Type           Power      Damage    Failure   Level
 Wereblood                Tmut           10%        N/A       11%         2
 Ice Form                 Ice/Tmut       6%         N/A       75%         4
 Hydra Form               Tmut           5%         N/A       89%         5


Dungeon Overview and Level Annotations

Branches:
Dungeon (4/15)             Temple (1/1) D:4         Ossuary (1/1)

Altars:
Cheibriados
Dithmenos
Elyvilon
Fedhas
Gozag
Kikubaaqudgha
Makhleb
Ru
Sif Muna
Wu Jian
Xom
Yredelemnul
Zin
The Shining One

Annotations:
D:3 2 transporters


Innate Abilities, Weirdness & Mutations

You cannot wear most types of armour.
You are amphibious.
You can wear up to eight rings at the same time.
Your skin changes colour to match your surroundings (Stealth+).
Your rubbery body absorbs attacks. (AC +1, EV +1)
((You are camouflaged near water. (Stealth+)))
You have tentacles for arms and can constrict up to eight enemies at once.


Message History

The wraith misses you. x2
You're too confused to move!
The wraith hits you! The wraith drains your vigour!
You feel as though you will be slow longer.
The wraith hits you.
You're too confused to move!
The wraith barely misses you.
You feel less invigorated.
You feel less confused. The wraith hits you! The wraith drains your vigour!
You feel as though you will be slow longer.
The wraith barely misses you.
You completely miss the wraith.
You tentacle-slap the wraith, but do no damage.
The wraith is lightly damaged.
You block the wraith's attack.
You tentacle-slap the wraith but do no damage.
The wraith is lightly damaged.
The wraith hits you! The wraith drains your vigour!
You feel as though you will be slow longer.
You barely miss the wraith.
You squeeze the wraith, but do no damage.
The wraith is lightly damaged.
The wraith closely misses you. The wraith hits you!
* * * LOW HITPOINT WARNING * * *
The wraith misses you. The wraith misses you. The wraith closely misses you.
The wraith completely misses you. The wraith misses you.
The wraith barely misses you. The wraith hits you!
* * * LOW HITPOINT WARNING * * *
The wraith drains your vigour!
You feel as though you will be slow longer.
The wraith hits you!
* * * LOW HITPOINT WARNING * * *
The wraith drains your vigour!
You feel as though you will be slow longer.
The wraith hits you!
You die...
Your body crumbles into a pile of gold.

#...........................#
#...........................#
#..#.#..#.#.^#.#..#.#..#.#..#
#..#'#..#'#..#'#..#'#..#'# .#
#..#.#..#.#..#.#..#.#..#.#
#..###..###..###..###..###
#.......................
#..........^..W..........
#############'@'#########
##...## ##.....##
####.......####
#W#...∩^∩...#W#
####.......#### ##.....##
##...## #####


You could see a wraith.

Vanquished Creatures
  A jelly (D:4)
  3 human skeletons (D:4)
  An orc wizard (D:3)
  A mummy (Ossuary)
  4 gnolls (D:3)
  3 adders
  A worm (D:2)
  3 dart slugs
  11 orcs (D:3)
  8 ball pythons
  7 bats
  8 endoplasms
  4 giant cockroaches
  4 goblins
  10 hobgoblins
  4 jackals (D:2)
  2 quokkas (D:1)
  2 frilled lizards
  A goblin zombie (Ossuary)
  A hobgoblin zombie (Ossuary)
  4 kobolds
  An orc skeleton (D:4)
  2 orc zombies
  4 rats
90 creatures vanquished.

Notes
Turn   | Place    | Note
-------+----------+-------------------------------------------
     0 | D:1      | wakim the Octopode Transmuter began the quest for the Orb.
     0 | D:1      | Reached XP level 1. HP: 13/13 MP: 3/3
   248 | D:1      | Reached skill level 1 in Stealth
   311 | D:1      | Reached XP level 2. HP: 15/18 MP: 3/5
   645 | D:1      | Reached XP level 3. HP: 18/23 MP: 4/6
  1387 | D:2      | Found a sacrificial altar of Ru.
  1418 | D:2      | Learned a level 3 spell: Spider Form
  1617 | D:2      | Reached skill level 1 in Shields
  1843 | D:2      | Reached XP level 4. HP: 28/28 MP: 5/7
  2135 | D:3      | Reached skill level 4 in Unarmed Combat
  2165 | D:3      | Found a transporter.
  2237 | D:3      | Reached XP level 5. HP: 31/33 MP: 6/8
  2332 | D:3      | Found a transporter.
  3058 | D:4      | Found a staircase to the Ecumenical Temple.
  3070 | Temple   | Entered the Ecumenical Temple
  3131 | Temple   | Became a worshipper of Gozag Ym Sagoz the Greedy
  3269 | D:4      | Reached skill level 1 in Poison Magic
  3308 | D:4      | Reached XP level 6. HP: 38/38 MP: 9/9
  3468 | D:4      | Found a sand-covered staircase.
  3489 | Ossuary  | Entered an ossuary
  3489 | Ossuary  | Noticed a wraith
  3489 | Ossuary  | Noticed a wraith
  3489 | Ossuary  | Noticed a wraith
  3618 | Ossuary  | Noticed a wraith
  3659 | Ossuary  | Slain by a wraith

Illustrated notes

Levels and vault maps discovered:
D:1:      onia_arrival_mini_spirals, layout_loops_ring, minivault_26,
          minmay_crystal_room, chequers_arboretum, minmay_bisected
D:2:      layout_rooms, serial_rivers, chequers_serial_rivers_marsh,
          chequers_serial_rivers_micro_e, chequers_serial_rivers_room_a,
          chequers_serial_rivers_micro_c, basic_altar
D:3:      gammafunk_wand_slinger, layout_basic
D:4:      layout_cave_pods, okawaru_altar_gauntlet_db,
          minmay_temple_entry_offerings, nicolae_ossuary_entry_catacombs
Temple:   regret_index_temple_waves
Ossuary:  ossuary_kennysheep_city_of_the_dead

Skill      XL: |  1  2  3  4  5  6 |
---------------+-------------------+-----
Stealth        | 1 2 3 |  3.8
Shields        | 1 2 3 |  3.0
Unarmed Combat | 4 |  4.6
Poison Magic   | 1 2 |  2.0
Fighting       | |  1.0
Dodging        | |  2.3
Spellcasting   | |  2.0
Transmutations | |  2.5

Action                   |  1- 3 |  4- 6 || total
-------------------------+-------+-------++-------
Melee: Unarmed           |   104 |   153 ||   257
       Constrict         |    24 |    32 ||    56
       Tentacles         |    15 |    25 ||    40
       Kick              |    13 |    26 ||    39
       Punch             |       |     2 ||     2
 Cast: Beastly Appendage |    28 |    22 ||    50
       Spider Form       |       |     4 ||     4
  Use: Scroll            |     7 |     1 ||     8
       Potion            |       |     1 ||     1
 Stab: Sleeping          |    11 |     8 ||    19
Armor: Skin              |     5 |     7 ||    12
Dodge: Dodged            |    44 |    92 ||   136
Block: Buckler           |     4 |    13 ||    17

Table legend: (Time is in decaauts)
 A = Elapsed time spent in this place.
 B = Non-inter-level travel time spent in this place.
 C = Inter-level travel time spent in this place.
 D = Time resting spent in this place.
 E = Time spent auto-exploring this place.
 F = Levels seen in this place.
 G = Mean time per level.
                   A        B        C        D        E       F      G
               +--------+--------+--------+--------+--------+-----+--------+
         Total |   3666 |   3410 |    256 |    251 |   1891 |   6 |  611.0 |
       Dungeon |   3371 |   3162 |    209 |    251 |   1886 |   4 |  842.8 |
        Temple |    109 |     62 |     47 |      0 |      5 |   1 |  109.0 |
       Ossuary |    185 |    185 |      0 |      0 |      0 |   1 |  185.0 |
               +--------+--------+--------+--------+--------+-----+--------+

Top non-repeatable levels by time:
     D:1: 1274 daAuts
     D:3: 1002 daAuts
     D:2: 693 daAuts
     D:4: 400 daAuts
 Ossuary: 185 daAuts
  Temple: 109 daAuts
